 Dungeon Sprint DCSS version 0.30.0 (webtiles) character file.

Game seed: 17797032777858635658

61311 PurpleRed the Archmage (level 14, -1/77 HPs)
             Began as a Spriggan Conjurer on July 22, 2023.
             Was the Champion of Sif Muna.
             Slain by a spriggan berserker
             ... wielding a +0 hand axe
              (43 damage)
             ... in the Dungeon (Sprint VII: "The Pits").
             The game lasted 00:43:37 (6420 turns).

PurpleRed the Archmage (Spriggan Conjurer)          Turns: 6420, Time: 00:43:38

Health: -1/77      AC:  4    Str:  5    XL:     14   Next: 60%
Magic:  38/46      EV: 19    Int: 37    God:    Sif Muna [******]
Gold:   44         SH:  0    Dex:  9    Spells: 25/67 levels left

rFire   + + +        r - +2 rapier of the Ten Xenops {flame, rN+ Str+2 Int+4 Stlth-}
rCold   + + .        (no shield)
rNeg    + . .        n - +2 robe {rC+ rF+}
rPois   .            (helmet restricted)
rElec   +            F - scarf {rC+ rF+}
rCorr   .            (gloves unavailable)
SInv    +            (boots unavailable)
Will    ++...        L - amulet "Kaimalok" {RegenMP rF+ Int+2}
Stlth   +            P - ring "Aschetida" {Wiz rElec rF+ rC+ Dex-5}
HPRegen 0.32/turn    h - ring "Jewel" {Fire Drain Int+7}
MPRegen 0.70/turn

%: no teleportation, wizardry (x1)
@: very slightly contaminated, studying Fighting, very quick
A: very small, no large weapons, unfitting armour, see invisible, speed 3
a: Renounce Religion, Channel Magic, Forget Spell, Divine Exegesis


You were in the Dungeon.
You worshipped Sif Muna.
Sif Muna was exalted by your worship.
You visited 1 branch You collected 44 gold pieces.

Inventory:

Hand Weapons
 l - the +7 broad axe of Gallantry {spect, rPois Will+}
   (You took it off an efreet in the Dungeon)

   rPois:     It protects you from poison.
   Will:      It increases your willpower.
 q - the +10 zealot's sword {holy, Zealotry, *Rage rN+ EV+3}
   (You found it in the Dungeon)

   Zealotry:  Whenever the wielder enters a berserk rage, their allies are
   berserked alongside them.
   EV:        It affects your evasion (+3).
   rN:        It protects you from negative energy.
   *Rage:     It berserks you when you make melee attacks (+20% chance).
 r - the +2 rapier of the Ten Xenops (weapon) {flame, rN+ Str+2 Int+4 Stlth-}
   (You found it in the Dungeon)

   Str:       It affects your strength (+2).
   Int:       It affects your intelligence (+4).
   rN:        It protects you from negative energy.
   Stlth:     It makes you less stealthy.
 C - a +5 quick blade
 D - a +3 double sword
 E - the +7 sling of Lanec {flame, rElec rPois Int+2}
   (You found it in the Dungeon)

   Int:       It affects your intelligence (+2).
   rElec:     It insulates you from electricity.
   rPois:     It protects you from poison.
Armour
 n - a +2 robe of resistance (worn)
 F - a scarf of resistance (worn)
 G - +2 acid dragon scales
 H - a +1 cloak
Magical Staves
 Y - the staff of cold "Lishruah" {rC+ Str+2 Int+2}
   (You found it in the Dungeon)

   [staff of cold]

   Base accuracy: +5 Base damage: 5 Base attack delay: 1.2 This weapon's minimum
   attack delay (0.6) is reached at skill level 12.
   Str:       It affects your strength (+2).
   Int:       It affects your intelligence (+2).
   rC:        It protects you from cold.
   It falls into the 'Staves' category.
   It is a two-handed weapon.
Jewellery
 a - the amulet of Caovaki {+Blink rC++ Regen+ Str-3}
   (You found it in the Dungeon)

   [amulet of regeneration]

   Str:       It affects your strength (-3).
   rC:        It greatly protects you from cold.
   +Blink:    It lets you blink.
   Regen:     It increases your rate of health regeneration.
 h - the ring "Jewel" (right hand) {Fire Drain Int+7}
   (You took it off a guardian mummy in the Dungeon)

   [ring of fire]

   It enhances your fire magic.
   Int:       It affects your intelligence (+7).
   rF:        It protects you from fire.
   rC:        It makes you vulnerable to cold.
   Drain:     It drains your maximum health when unequipped.
 m - a ring of resist corrosion
 y - a ring of flight
 B - the ring of Reimbursement {rPois rC+ Will- Slay+5}
   (You found it in the Dungeon)

   [ring of slaying]

   Slay:      It affects your accuracy & damage with ranged weapons and melee
   (+5).
   rC:        It protects you from cold.
   rPois:     It protects you from poison.
   Will:      It decreases your willpower.
 I - the ring "Mudi" {*Slow +Blink rPois rC+ Int+3 Slay+5}
   (You found it in the Dungeon)

   [ring of slaying]

   Int:       It affects your intelligence (+3).
   Slay:      It affects your accuracy & damage with ranged weapons and melee
   (+5).
   rC:        It protects you from cold.
   rPois:     It protects you from poison.
   +Blink:    It lets you blink.
   *Slow:     It may slow you when you take damage.
 J - the amulet of Jonnesch {rElec Regen+}
   (You found it in the Dungeon)

   [amulet of regeneration]

   rElec:     It insulates you from electricity.
   Regen:     It increases your rate of health regeneration.
 K - the ring "Renex" {rPois rC+++ rN+ Will- rCorr}
   (You found it in the Dungeon)

   [ring of positive energy]

   rC:        It renders you almost immune to cold.
   rPois:     It protects you from poison.
   rN:        It protects you from negative energy.
   rCorr:     It protects you from acid and corrosion.
   Will:      It decreases your willpower.
 L - the amulet "Kaimalok" (around neck) {RegenMP rF+ Int+2}
   (You found it in the Dungeon)

   [amulet of magic regeneration]

   It increases your rate of magic regeneration.
   Int:       It affects your intelligence (+2).
   rF:        It protects you from fire.
 M - the ring "Innamuz" {Fly AC+6}
   (You found it in the Dungeon)

   [ring of protection]

   AC:        It affects your AC (+6).
   Fly:       It grants you flight.
 N - the ring of Oraotay {Ice Dex+2 Stlth+}
   (You found it in the Dungeon)

   [ring of ice]

   It enhances your ice magic.
   Dex:       It affects your dexterity (+2).
   rF:        It makes you vulnerable to fire.
   rC:        It protects you from cold.
   Stlth:     It makes you more stealthy.
 O - the ring of Moodiness {rF+ rC+ Str+3}
   (You found it in the Dungeon)

   [ring of protection from fire]

   Str:       It affects your strength (+3).
   rF:        It protects you from fire.
   rC:        It protects you from cold.
 P - the ring "Aschetida" (left hand) {Wiz rElec rF+ rC+ Dex-5}
   (You found it in the Dungeon)

   [ring of wizardry]

   It improves your spell success rate.
   Dex:       It affects your dexterity (-5).
   rF:        It protects you from fire.
   rC:        It protects you from cold.
   rElec:     It insulates you from electricity.
 Q - the ring of Rifripn {rPois rF+ rC+ Int+2 Stlth+}
   (You found it in the Dungeon)

   [ring of protection from cold]

   Int:       It affects your intelligence (+2).
   rF:        It protects you from fire.
   rC:        It protects you from cold.
   rPois:     It protects you from poison.
   Stlth:     It makes you more stealthy.
 R - the ring of Ugai {rElec rF+}
   (You found it in the Dungeon)

   [ring of protection from fire]

   rF:        It protects you from fire.
   rElec:     It insulates you from electricity.
 S - the ring of Icac {rElec rPois Str+6 Dex+4}
   (You found it in the Dungeon)

   [ring of strength]

   Str:       It affects your strength (+6).
   Dex:       It affects your dexterity (+4).
   rElec:     It insulates you from electricity.
   rPois:     It protects you from poison.
 T - the ring "Giqaehius" {rElec EV+6 Str+2}
   (You found it in the Dungeon)

   [ring of evasion]

   EV:        It affects your evasion (+6).
   Str:       It affects your strength (+2).
   rElec:     It insulates you from electricity.
 U - the ring of Uxen {rPois Will+ Int+3}
   (You found it in the Dungeon)

   [ring of poison resistance]

   Int:       It affects your intelligence (+3).
   rPois:     It protects you from poison.
   Will:      It increases your willpower.
 V - the ring "Gosuhoubb" {rElec Will+ Str+6 Slay+2}
   (You found it in the Dungeon)

   [ring of willpower]

   Str:       It affects your strength (+6).
   Slay:      It affects your accuracy & damage with ranged weapons and melee
   (+2).
   rElec:     It insulates you from electricity.
   Will:      It increases your willpower.
 W - a +5 ring of slaying
 X - a +5 ring of slaying
Wands
 g - a wand of flame (16)
 x - a wand of roots (3)
Scrolls
 j - 5 scrolls of amnesia
 k - a scroll of butterflies
 s - 2 scrolls of fog
 v - a scroll of fear
 w - 6 scrolls of enchant armour
 A - a scroll of enchant weapon
 Z - a scroll of identify
Potions
 b - 10 potions of magic
 c - 7 potions of curing
 d - 24 potions of heal wounds
 e - 8 potions of haste
 f - 3 potions of berserk rage
 i - a potion of invisibility
 p - 2 potions of brilliance
 t - 6 potions of mutation


   Skills:
 - Level 10.0 Fighting
 - Level 8.0 Dodging
 - Level 3.0 Stealth
 O Level 27 Spellcasting
 + Level 18.7 Conjurations
 - Level 5.0 Hexes
 - Level 5.0 Translocations
 * Level 18.2 Fire Magic
 - Level 8.0 Invocations


You had 25 spell levels left.
You knew the following spells:

 Your Spells              Type           Power      Damage    Failure   Level
a - Magic Dart            Conj           100%       1d8       0%          1
b - Searing Ray           Conj           100%       2d8       0%          2
c - Fulminant Prism       Conj/Hex       47%        3d21      1%          4
d - Iskenderun's Mystic   Conj/Tloc      95%        2d18      1%          4
e - Fireball              Conj/Fire      68%        3d26      0%          5
f - Iskenderun's Battles  Conj           100%       2d15      0%          5
g - Starburst             Conj/Fire      68%        6d18      1%          6
h - Fire Storm            Conj/Fire      68%        8d17      9%          9
v - Iron Shot             Conj/Erth      43%        9d8       1%          6

Your spell library contained the following spells:

 Spells                   Type           Power      Damage    Failure   Level
 Foxfire                  Conj/Fire      100%       2x1d9     0%          1
 Kiss of Death            Conj/Necr      100%       2d13      0%          1
 Shock                    Conj/Air       100%       1d9       0%          1
 Momentum Strike          Conj/Tloc      100%       3d10      0%          2
 Scorch                   Fire           100%       2d9       0%          2
 Static Discharge         Conj/Air       100%       2-7/arc   0%          2
 Dazzling Flash           Conj/Hex       100%       N/A       0%          3
 Inner Flame              Hex/Fire       100%       N/A       0%          3
 Volatile Blastmotes      Fire/Tloc      100%       2d18      0%          3
 Flame Wave               Conj/Fire      100%       2d21      0%          4
 Sticky Flame             Conj/Fire      100%       2d11      0%          4
 Apportation              Tloc           100%       N/A       1%          1
 Necrotise                Necr           100%       1d9       1%          1
 Slow                     Hex            100%       N/A       1%          1
 Summon Small Mammal      Summ           100%       N/A       1%          1
 Call Imp                 Summ           98%        N/A       1%          2
 Ensorcelled Hibernation  Hex/Ice        100%       N/A       1%          2
 Lesser Beckoning         Tloc           100%       N/A       1%          2
 Passwall                 Tmut/Erth      40%        N/A       1%          2
 Wereblood                Tmut           49%        N/A       1%          2
 Call Canine Familiar     Summ           49%        N/A       1%          3
 Confusing Touch          Hex            72%        N/A       1%          3
 Frozen Ramparts          Ice            98%        1d15      1%          3
 Gell's Gravitas          Tloc           72%        N/A       1%          3
 Hailstorm                Conj/Ice       87%        3d17      1%          3
 Ignite Poison            Fire/Tmut/Pois 97%        N/A       1%          3
 Mephitic Cloud           Conj/Pois/Air  77%        N/A       1%          3
 Ozocubu's Armour         Ice            49%        N/A       1%          3
 Portal Projectile        Hex/Tloc       100%       N/A       1%          3
 Spider Form              Tmut/Pois      49%        N/A       1%          3
 Stone Arrow              Conj/Erth      100%       3d13      1%          3
 Summon Guardian Golem    Hex/Summ       62%        N/A       1%          3
 Teleport Other           Tloc           72%        N/A       1%          3
 Tukima's Dance           Hex            72%        N/A       1%          3
 Vampiric Draining        Necr           49%        2d9       1%          3
 Vhi's Electric Charge    Tloc/Air       100%       N/A       1%          3
 Airstrike                Air            24%        2d(4-20)  1%          4
 Anguish                  Hex/Necr       31%        N/A       1%          4
 Animate Armour           Summ/Erth      98%        N/A       1%          4
 Animate Dead             Necr           49%        N/A       1%          4
 Cause Fear               Hex            36%        N/A       1%          4
 Ice Form                 Ice/Tmut       49%        N/A       1%          4
 Leda's Liquefaction      Hex/Erth       31%        N/A       1%          4
 Manifold Assault         Tloc           72%        N/A       1%          4
 Olgreb's Toxic Radiance  Pois           49%        N/A       1%          4
 Passage of Golubria      Tloc           72%        N/A       1%          4
 Petrify                  Tmut/Erth      49%        N/A       1%          4
 Summon Ice Beast         Ice/Summ       49%        N/A       1%          4
 Summon Lightning Spire   Summ/Air       49%        N/A       1%          4
 Arcjolt                  Conj/Air       43%        1d53      1%          5
 Freezing Cloud           Conj/Ice/Air   38%        6-21      1%          5
 Irradiate                Conj/Tmut      43%        3d26      1%          5
 Metabolic Englaciation   Hex/Ice        31%        N/A       1%          5
 Silence                  Hex/Air        31%        N/A       1%          5
 Summon Forest            Summ/Tloc      31%        N/A       1%          5
 Summon Mana Viper        Hex/Summ       62%        N/A       1%          5
 Yara's Violent Unravell  Hex/Tmut       31%        3d13      1%          5
 Conjure Ball Lightning   Conj/Air       43%        3x3d15    1%          6
 Plasma Beam              Fire/Air       54%        2x1d75    1%          6
 Orb of Destruction       Conj           56%        9d14      1%          7
 Ignition                 Fire           67%        3d18      1%          8
 Spellforged Servitor     Conj/Summ      43%        N/A       2%          7
 Dispersal                Tloc           36%        N/A       3%          6
 Agony                    Necr           49%        N/A       4%          5
 Alistair's Intoxication  Tmut/Pois      32%        N/A       4%          5
 Blade Hands              Tmut           24%        N/A       4%          5
 Borgnjor's Vile Clutch   Necr/Erth      24%        N/A       4%          5
 Lee's Rapid Deconstruct  Erth           24%        3d13*     4%          5
 Enfeeble                 Hex            36%        N/A       16%         7
 Lehudib's Crystal Spear  Conj/Erth      43%        10d11     21%         8
 Death Channel            Necr           24%        N/A       22%         6
 Simulacrum               Ice/Necr       24%        N/A       22%         6
 Statue Form              Tmut/Erth      32%        N/A       22%         6
 Dragon Form              Tmut           24%        N/A       75%         7
 Haunt                    Necr/Summ      24%        N/A       75%         7
 Monstrous Menagerie      Summ           24%        N/A       75%         7
 Ozocubu's Refrigeration  Ice            24%        4d12      75%         7
 Storm Form               Tmut/Air       24%        N/A       75%         7
 Disjunction              Tloc           36%        N/A       75%         8
 Chain Lightning          Conj/Air       43%        3d58      96%         9
 Borgnjor's Revivificati  Necr           24%        N/A       100%        8
 Infestation              Necr           24%        N/A       100%        8
 Necromutation            Tmut/Necr      24%        N/A       100%        8
 Dragon's Call            Summ           24%        N/A       100%        9
 Polar Vortex             Ice            24%        N/A       100%        9
 Shatter                  Erth           24%        3d21*     100%        9


Dungeon Overview and Level Annotations

Branches:
Dungeon (1/1)

Altars:
Ashenzari
Cheibriados
Dithmenos
Elyvilon
Fedhas
Gozag
Hepliaklqana
Kikubaaqudgha
Makhleb
Nemelex Xobeh
Okawaru
Qazlal
Ru
Sif Muna
Trog
Uskayaw
Vehumet
Wu Jian
Xom
Yredelemnul
Zin
The Shining One
Jiyva
Lugonu


Innate Abilities, Weirdness & Mutations

You are very small and have problems with some larger weapons.
You are too small for most types of armour.
You have supernaturally acute eyesight. (SInv)
You cover ground extremely quickly. (Speed+++)


Message History

There is a huge open gate to the Grid Vault (Hard) here.
Things that are here:
a +0 glaive; a +0 chain mail
There is a huge open gate leading to the Armoury (Hard) here.
There is a huge open gate to the Main Hall (Safe) here.
There is a huge open gate leading to the Armoury (Hard) here.
You open the huge gate.
There is a huge open gate to the Crystal Vault (Extremely Hard) here.
Press: ? - help, . - travel You can't see that place.
There is a huge open gate to the Crystal Vault (Extremely Hard) here.
There is a huge open gate to the Crystal Vault (Extremely Hard) here.
You open the large door.
There is a large open door here.
You open the large door.
There is a large open door here.
You open the large door.
A green draconian, a lorocyproca and 2 spriggan berserkers come into view.
The spriggan berserker shouts!
The green draconian roars!
The lorocyproca gives a chilling moan.
The spriggan berserker shouts!
The spriggan berserker invokes Trog's protection!
The spriggan berserker prays to Trog.
The spriggan berserker goes berserk!
A green draconian breaks down the large door.
A spriggan berserker breaks down the large door.
Casting: Fireball (safe; 0% risk of failure)
Confirm with . or Enter, or press ? or * to list all spells.
The spell is quite dangerous to miscast (9% risk of failure)!
Continue anyway?
Aiming: Fire Storm (quite dangerous; 9% risk of failure)
Press: ? - help, Dir - move target You feel a surge of power!
You miscast Fire Storm.
You are very lightly contaminated with residual magic.
The air around you crackles with energy!!
The spriggan berserker hits you with a +0 hand axe!
The spriggan berserker misses you.
There is a huge open gate to the Crystal Vault (Extremely Hard) here.
The spriggan berserker attacks as you move away!
The spriggan berserker hits you with a +0 hand axe!!!
Ouch! That really hurt!
You die...

+..#....#..# +..........#
#..........#
#####..#....#..##++#++#++#
...''..........##..d..'..+
†..')..........##..'..'..
#..##..#....#..##i'#''#
#..##..........''i.'..+
#..##..........'@.2'..+
#.)####''####''########
#†)####''####''##################
#..##......##............[..[....
#).##.#'##.##..)[[..[[..[)[.[....
)..##.#..'.##.[##############'[##
...##.'..#.##..#)))#)#.#.#.......
#####.#|)+.##)[#)#)#)#.#.#.#....#
#####.'.)#.##..#)))#)#.#.........


You could see a green draconian, a lorocyproca (invisible) and 2 spriggan
berserkers.

Vanquished Creatures
  An ancient lich (D)
  Rupert (D)
  2 sphinxes (D)
  4 nagarajas (D)
  A draconian knight (D)
  A ghost moth (D)
  2 orc warlords (D)
  A draconian shifter (D)
  A draconian stormcaller (D)
  A vampire knight (D)
  3 deep elf demonologists (D)
  2 deep elf annihilators (D)
  A white draconian (D)
  A dire elephant (D)
  A deep elf death mage (D)
  2 deep elf high priests (D)
  2 yaktaur captains (D)
  3 vault guards (D)
  2 hydras (D)
  An anaconda (D)
  A centaur warrior (D)
  An alligator snapping turtle (D)
  A catoblepas (D)
  2 boulder beetles (D)
  A two-headed ogre (D)
  A death knight (D)
  A naga warrior (D)
  An ogre mage (D)
  An orc high priest (D)
  A vampire mage (D)
  2 deep elf knights (D)
  A sixfirhy (D)
  2 sea snakes (D)
  A spriggan druid (D)
  A flayed ghost (D)
  A bog body (D)
  Pikel (D)
  2 lindwurms (D)
  2 phantasmal warriors (D)
  12 orc knights (D)
  A necromancer (D)
  An orc sorcerer (D)
  3 wizards (D)
  A merfolk siren (D)
  4 elephants (D)
  A naga mage (D)
  2 eyes of devastation (D)
  An orange demon (D)
  An efreet (D)
  A rime drake (D)
  4 yaktaurs (D)
  A guardian mummy (D)
  2 freezing wraiths (D)
  4 ice devils (D)
  A komodo dragon (D)
  A red devil (D)
  A hellwing (D)
  A polar bear (D)
  A troll (D)
  A merfolk (D)
  2 snapping turtles (D)
  8 blink frogs (D)
  A spriggan (D)
  A jumping spider (D)
  A large abomination (D)
  A flying skull (D)
  A shadow (D)
  A water elemental (D)
  2 vampires (D)
  A fire elemental (D)
  A basilisk (D)
  2 fire bats (D)
  A redback (D)
  4 wargs (D)
  A floating eye (D)
  A water moccasin (D)
  A sky beast (D)
  A black bear (D)
  A centaur (D)
  A lemure (D)
  A bullfrog (D)
  A scorpion (D)
  5 wights (D)
  9 killer bees (D)
  2 jellies (D)
  An orc priest (D)
  2 iron imps (D)
  4 orc wizards (D)
  An adder (D)
  A gnoll (D)
  2 river rats (D)
  2 adder zombies (D)
  7 orcs (D)
  2 endoplasms (D)
  A giant cockroach (D)
  A hobgoblin (D)
  5 jackals (D)
  A quokka (D)
  A ball python simulacrum (D)
  A ball python zombie (D)
  A bat simulacrum (D)
  A frilled lizard (D)
  A quokka skeleton (D)
  4 rats (D)
192 creatures vanquished.

Vanquished Creatures (others)
  An elephant (D)
  54 fulminant prisms (D)
55 creatures vanquished.

Grand Total: 247 creatures vanquished

Notes
Turn   | Place    | Note
-------+----------+-------------------------------------------
     0 | D        | PurpleRed the Spriggan Conjurer began the quest for the
                  | Orb.
     0 | D        | Reached XP level 1. HP: 9/9 MP: 5/5
    13 | D        | Reached skill level 3 in Spellcasting
    38 | D        | Found a glowing golden altar of the Shining One.
    38 | D        | Found a glowing silver altar of Zin.
    38 | D        | Found a basalt altar of Yredelemnul.
    38 | D        | Found a shimmering altar of Xom.
    38 | D        | Found an ornate altar of the Wu Jian Council.
    38 | D        | Found a bloodstained altar of Trog.
    38 | D        | Found a shimmering blue altar of Sif Muna.
    38 | D        | Found a sacrificial altar of Ru.
    38 | D        | Found a stormy altar of Qazlal.
    38 | D        | Found an iron altar of Okawaru.
    38 | D        | Found a sparkling altar of Nemelex Xobeh.
    38 | D        | Found a burning altar of Makhleb.
    38 | D        | Found a viscous altar of Jiyva.
    38 | D        | Found a hazy altar of Hepliaklqana.
    38 | D        | Found an opulent altar of Gozag.
    38 | D        | Found a blossoming altar of Fedhas.
    38 | D        | Found a white marble altar of Elyvilon.
    38 | D        | Found a shadowy altar of Dithmenos.
    38 | D        | Found a snail-covered altar of Cheibriados.
    39 | D        | Found a radiant altar of Vehumet.
    39 | D        | Found a corrupted altar of Lugonu.
    40 | D        | Found an ancient bone altar of Kikubaaqudgha.
    40 | D        | Found a hide-covered altar of Uskayaw.
    40 | D        | Found a broken altar of Ashenzari.
    41 | D        | Became a worshipper of Sif Muna the Loreminder
    48 | D        | Noticed a scorpion
    76 | D        | Killed a scorpion
    77 | D        | Reached skill level 6 in Spellcasting
    77 | D        | Reached XP level 2. HP: 13/13 MP: 0/10
    77 | D        | Reached XP level 3. HP: 16/16 MP: 0/12
    83 | D        | Reached skill level 7 in Spellcasting
    83 | D        | Reached skill level 5 in Conjurations
   160 | D        | Learned a level 2 spell: Searing Ray
   182 | D        | Reached * piety under Sif Muna
   183 | D        | Reached XP level 4. HP: 21/21 MP: 9/14
   237 | D        | Learned a level 4 spell: Fulminant Prism
   242 | D        | Learned a level 4 spell: Iskenderun's Mystic Blast
   248 | D        | Reached ** piety under Sif Muna
   249 | D        | Reached skill level 1 in Hexes
   249 | D        | Reached skill level 1 in Translocations
   407 | D        | Noticed a lemure
   407 | D        | Noticed a lemure
   407 | D        | Noticed a bullfrog
   408 | D        | Noticed Pikel
   415 | D        | Killed a bullfrog
   415 | D        | Reached *** piety under Sif Muna
   416 | D        | Reached skill level 8 in Spellcasting
   416 | D        | Reached XP level 5. HP: 24/24 MP: 10/16
   419 | D        | Killed a lemure
   438 | D        | Killed Pikel
   439 | D        | Reached skill level 12 in Spellcasting
   439 | D        | Reached skill level 5 in Hexes
   439 | D        | Reached skill level 5 in Translocations
   439 | D        | Reached XP level 6. HP: 28/28 MP: 1/22
   439 | D        | Reached XP level 7. HP: 32/32 MP: 1/24
   587 | D        | Reached **** piety under Sif Muna
   621 | D        | Reached skill level 13 in Spellcasting
   712 | D        | Noticed a basilisk
   723 | D        | Killed a basilisk
   782 | D        | Noticed a fire bat
   785 | D        | Reached ***** piety under Sif Muna
   785 | D        | Killed a fire bat
   785 | D        | Received a gift from Sif Muna
   786 | D        | Reached skill level 14 in Spellcasting
   786 | D        | Reached XP level 8. HP: 36/36 MP: 14/27
   874 | D        | Noticed an ice devil
   875 | D        | Noticed a polar bear
   899 | D        | Killed an ice devil
   899 | D        | Killed a polar bear
   900 | D        | Reached skill level 10 in Conjurations
   986 | D        | Found the +10 zealot's sword {holy, Zealotry, *Rage rN+
                  | EV+3}
  1014 | D        | Got the +2 rapier of the Ten Xenops {flame, rN+ Str+2 Int+4
                  | Stlth-}
  1070 | D        | Noticed a flying skull
  1080 | D        | Killed a flying skull
  1081 | D        | Reached skill level 15 in Spellcasting
  1123 | D        | Noticed an orc high priest
  1123 | D        | Noticed an orc sorcerer
  1133 | D        | Received a gift from Sif Muna
  1134 | D        | Reached XP level 9. HP: 44/44 MP: 21/29
  1137 | D        | Noticed a hellwing
  1149 | D        | Noticed an ice devil
  1156 | D        | Killed an orc high priest
  1157 | D        | Reached skill level 5 in Fire Magic
  1157 | D        | Noticed a hellwing
  1163 | D        | Reached skill level 16 in Spellcasting
  1165 | D        | Killed an orc sorcerer
  1165 | D        | Received a gift from Sif Muna
  1166 | D        | Got Sif Muna's Atlas of Topology {god gift}
  1249 | D        | Learned a level 6 spell: Iron Shot
  1255 | D        | Learned a level 5 spell: Iskenderun's Battlesphere
  1271 | D        | Noticed a lindwurm
  1284 | D        | Killed a lindwurm
  1364 | D        | Noticed a death knight
  1364 | D        | Noticed a freezing wraith
  1387 | D        | Killed a freezing wraith
  1388 | D        | Reached XP level 10. HP: 37/49 MP: 15/31
  1392 | D        | Killed a death knight
  1393 | D        | Reached skill level 17 in Spellcasting
  1580 | D        | Reached ****** piety under Sif Muna
  1581 | D        | Received a gift from Sif Muna
  1582 | D        | Got Sif Muna's Omnibus of Forceful Incineration {god gift}
  1679 | D        | Noticed a sea snake
  1686 | D        | Killed a sea snake
  1794 | D        | Noticed a merfolk siren
  1799 | D        | Killed a merfolk siren
  1800 | D        | Reached skill level 18 in Spellcasting
  1806 | D        | Noticed a phantasmal warrior
  1817 | D        | Killed a phantasmal warrior
  1817 | D        | Received a gift from Sif Muna
  1818 | D        | Got Kuope's Quarto of Reformation and Conflict {god gift}
  1828 | D        | Learned a level 6 spell: Starburst
  2016 | D        | Noticed a bog body
  2020 | D        | Killed a bog body
  2020 | D        | Received a gift from Sif Muna
  2021 | D        | Reached skill level 5 in Dodging
  2021 | D        | Reached XP level 11. HP: 50/53 MP: 5/34
  2021 | D        | Got Sif Muna's Veiled Testament of the Hierophant {god
                  | gift}
  2153 | D        | Noticed a phantasmal warrior
  2157 | D        | Noticed a wizard
  2157 | D        | Received a gift from Sif Muna
  2159 | D        | Killed a phantasmal warrior
  2160 | D        | Reached skill level 19 in Spellcasting
  2160 | D        | Noticed a boulder beetle
  2161 | D        | Got Sif Muna's Parchment of Altered Conduction {god gift}
  2171 | D        | Received a gift from Sif Muna
  2172 | D        | Reached skill level 5 in Fighting
  2208 | D        | Killed a wizard
  2229 | D        | Killed a boulder beetle
  2327 | D        | Got Sif Muna's Book of the Windy Pyromaniac {god gift}
  2539 | D        | Noticed a boulder beetle
  2549 | D        | Killed a boulder beetle
  2549 | D        | Received a gift from Sif Muna
  2550 | D        | Got Mayppec Naoc's Papyrus of Mercurial Hurting {god gift}
  2700 | D        | Learned a level 5 spell: Fireball
  2817 | D        | Reached skill level 10 in Fire Magic
  2818 | D        | Reached skill level 20 in Spellcasting
  2880 | D        | Noticed a sea snake
  2884 | D        | Killed a sea snake
  2996 | D        | Received a gift from Sif Muna
  2997 | D        | Got Sif Muna's Tractate on Enchantment {god gift}
  3009 | D        | Noticed a lindwurm
  3018 | D        | Killed a lindwurm
  3178 | D        | Noticed an orc knight
  3179 | D        | Noticed an orc knight
  3179 | D        | Noticed an orc knight
  3180 | D        | Received a gift from Sif Muna
  3181 | D        | Got Sif Muna's Spellbook of Conjury {god gift}
  3181 | D        | Noticed an orc knight
  3181 | D        | Noticed an orc warlord
  3181 | D        | Noticed an orc knight
  3198 | D        | Killed an orc knight
  3199 | D        | Reached XP level 12. HP: 55/61 MP: 37/37
  3213 | D        | Noticed Rupert
  3246 | D        | Killed an orc warlord
  3247 | D        | Reached skill level 21 in Spellcasting
  3247 | D        | Killed Rupert
  3249 | D        | Received a gift from Sif Muna
  3257 | D        | Noticed a yaktaur captain
  3285 | D        | Killed a yaktaur captain
  3404 | D        | Received a gift from Sif Muna
  3405 | D        | Got Sif Muna's Guidebook on Orogeny and Assaults {god gift}
  3410 | D        | Noticed a vault guard
  3418 | D        | Killed a vault guard
  3436 | D        | Reached skill level 22 in Spellcasting
  3436 | D        | Reached skill level 15 in Conjurations
  3438 | D        | Noticed an orc warlord
  3463 | D        | Killed an orc warlord
  3622 | D        | Noticed a naga warrior
  3634 | D        | Killed a naga warrior
  3635 | D        | Noticed a vault guard
  3652 | D        | Killed a vault guard
  3700 | D        | Received a gift from Sif Muna
  3701 | D        | Got Sif Muna's Commentary on White Percussion {god gift}
  3881 | D        | Noticed a deep elf high priest
  3887 | D        | Killed a deep elf high priest
  3888 | D        | Reached XP level 13. HP: 61/68 MP: 25/40
  3892 | D        | Reached skill level 23 in Spellcasting
  4013 | D        | Received a gift from Sif Muna
  4014 | D        | Got Sif Muna's Vademecum on Doomed Command {god gift}
  4128 | D        | Got the +7 sling of Lanec {flame, rElec rPois Int+2}
  4365 | D        | Learned a level 9 spell: Fire Storm
  4388 | D        | Noticed a purple draconian shifter
  4388 | D        | Noticed a deep elf annihilator
  4390 | D        | Noticed a nagaraja
  4397 | D        | Noticed a sphinx
  4400 | D        | Killed a sphinx
  4401 | D        | Killed a nagaraja
  4408 | D        | Killed a deep elf annihilator
  4408 | D        | Received a gift from Sif Muna
  4434 | D        | Killed a purple draconian shifter
  4435 | D        | Reached skill level 24 in Spellcasting
  4453 | D        | Got Qoal's Verses on the Discharge and Incandescence {god
                  | gift}
  4520 | D        | Noticed a deep elf death mage
  4520 | D        | Noticed a deep elf annihilator
  4524 | D        | Killed a deep elf annihilator
  4524 | D        | Killed a deep elf death mage
  4533 | D        | Noticed a deep elf demonologist
  4535 | D        | Killed a deep elf demonologist
  4535 | D        | Noticed a sphinx
  4555 | D        | Killed a sphinx
  4555 | D        | Received a gift from Sif Muna
  4556 | D        | Reached skill level 15 in Fire Magic
  4561 | D        | Noticed a deep elf demonologist
  4565 | D        | Killed a deep elf demonologist
  4574 | D        | Noticed a white draconian stormcaller
  4580 | D        | Killed a white draconian stormcaller
  4581 | D        | Reached skill level 25 in Spellcasting
  4638 | D        | Noticed an ancient lich
  4706 | D        | Noticed a nagaraja
  4709 | D        | Killed a nagaraja
  4710 | D        | Noticed a nagaraja
  4710 | D        | Noticed a deep elf demonologist
  4715 | D        | Noticed a white draconian
  4746 | D        | Killed a white draconian
  4754 | D        | Killed a deep elf demonologist
  4754 | D        | Received a gift from Sif Muna
  4755 | D        | Got Corphog's Discourse on Comburant Spellbinding {god
                  | gift}
  4769 | D        | Killed a nagaraja
  4917 | D        | Noticed a nagaraja
  4917 | D        | Noticed a black draconian knight
  4992 | D        | Killed an ancient lich
  4993 | D        | Reached XP level 14. HP: 73/73 MP: 4/44
  5009 | D        | Killed a black draconian knight
  5010 | D        | Reached skill level 26 in Spellcasting
  5042 | D        | Killed a nagaraja
  5441 | D        | Got Lehudib's Essays on Bruises and Mud
  5445 | D        | Got the Precepts of Inconstant Summoning
  5451 | D        | Got the Cyclopedia of Astrapomancy
  5458 | D        | Got the Precepts of Helpful Bodies
  5481 | D        | Got the ring "Mudi" {*Slow +Blink rPois rC+ Int+3 Slay+5}
  5483 | D        | Got the amulet of Jonnesch {rElec Regen+}
  5495 | D        | Got the amulet "Tihal" {Spirit Str+3}
  5498 | D        | Got the amulet of Music {Faith rElec rN+}
  5502 | D        | Got the amulet of Gootaz {RegenMP rF+}
  5514 | D        | Got the amulet "Odwal" {Faith Harm rC+}
  5521 | D        | Got the amulet "Komp" {Reflect -Tele rF+ Dex+3 SH+5}
  5528 | D        | Got the amulet of Guonwut {Faith Str+3}
  5535 | D        | Got the amulet "Kaimalok" {RegenMP rF+ Int+2}
  5556 | D        | Got the amulet of Ukkeul {Spirit Stlth+}
  5567 | D        | Got the amulet of Caovaki {+Blink rC++ Regen+ Str-3}
  5574 | D        | Got the ring of Reimbursement {rPois rC+ Will- Slay+5}
  5577 | D        | Got the ring "Renex" {rPois rC+++ rN+ Will- rCorr}
  5579 | D        | Got the ring "Innamuz" {Fly AC+6}
  5581 | D        | Got the ring of Oraotay {Ice Dex+2 Stlth+}
  5583 | D        | Got the ring of Moodiness {rF+ rC+ Str+3}
  5586 | D        | Got the ring "Aschetida" {Wiz rElec rF+ rC+ Dex-5}
  5588 | D        | Got the ring of Rifripn {rPois rF+ rC+ Int+2 Stlth+}
  5590 | D        | Got the ring of Ugai {rElec rF+}
  5592 | D        | Got the ring of Icac {rElec rPois Str+6 Dex+4}
  5594 | D        | Got the ring "Giqaehius" {rElec EV+6 Str+2}
  5596 | D        | Got the ring of Uxen {rPois Will+ Int+3}
  5598 | D        | Got the ring "Gosuhoubb" {rElec Will+ Str+6 Slay+2}
  5702 | D        | Noticed a ghost moth
  5712 | D        | Received a gift from Sif Muna
  5715 | D        | Killed a ghost moth
  5716 | D        | Got Sif Muna's Total Understanding of the Mind of the Magus
                  | {god gift}
  5746 | D        | Received a gift from Sif Muna
  5747 | D        | Got Sif Muna's Codex of Atmospheric Hexes {god gift}
  5785 | D        | Identified the +4 glaive of Fortitude {venom, rF++ Will++}
  5941 | D        | Got the Annotations on the Impure Lithosphere
  5948 | D        | Got the staff of cold "Lishruah" {rC+ Str+2 Int+2}
  6060 | D        | Received a gift from Sif Muna
  6065 | D        | Noticed a vampire knight
  6074 | D        | Reached skill level 10 in Fighting
  6092 | D        | Identified the +7 broad axe of Gallantry {spect, rPois
                  | Will+}
  6110 | D        | Received a gift from Sif Muna
  6114 | D        | Killed a vampire knight
  6182 | D        | Identified the ring "Jewel" {Fire Drain Int+7}
  6187 | D        | Reached skill level 27 in Spellcasting
  6198 | D        | Received a gift from Sif Muna
  6199 | D        | Got Nuggises's Spellbook of Wyrd {god gift}
  6280 | D        | Received a gift from Sif Muna
  6281 | D        | Got Kaysucomm's Directory of the Map {god gift}
  6336 | D        | Got Sif Muna's Opusculum on the Hindering Voyage {god gift}
  6420 | D        | Slain by a spriggan berserker

Illustrated notes

Levels and vault maps discovered:
D:        pitsprint [storerooms_1, entrance_room_1, metal_vault_7, armoury_3,
          mini_pit_1, grid_room_1, main_hall_1, silver_pit, the_coven_2,
          the_vestibule_1, steel_vault_4, golden_pit, hallway_of_sentries,
          crystal_vault_6, iron_vault_4, final_vault]

Skill      XL: |  1  2  3  4  5  6  7  8  9 10 11 12 13 14 |
---------------+-------------------------------------------+-----
Spellcasting   | 6 7 8 12 14 15 16 18 20 22 25 27 | 27.0
Conjurations   | 4 5 8 9 10 11 12 14 15 17 18 | 18.7
Hexes          | 3 5 |  5.0
Translocations | 4 5 |  5.0
Fighting       | 3 4 6 8 10 | 10.0
Fire Magic     | 3 6 8 10 13 16 18 | 18.2
Invocations    | 4 7 8 |  8.0
Dodging        | 5 8 |  8.0
Stealth        | |  3.0

Action                     |  1- 3 |  4- 6 |  7- 9 | 10-12 | 13-15 || total
---------------------------+-------+-------+-------+-------+-------++-------
  Melee: Dagger            |     6 |       |       |       |       ||     6
         Rapier            |       |       |       |     1 |       ||     1
   Cast: Magic Dart        |     8 |       |     6 |    20 |       ||    34
         Searing Ray       |     1 |     4 |     5 |     9 |       ||    19
         Fulminant Prism   |       |     4 |    20 |    18 |    12 ||    54
         Iskenderun's Myst |       |       |     9 |    10 |     9 ||    28
         Iskenderun's Batt |       |       |     3 |    13 |       ||    16
         Starburst         |       |       |       |    16 |     7 ||    23
         Fireball          |       |       |       |    69 |   125 ||   194
         Iron Shot         |       |       |       |     3 |       ||     3
 Invoke: Channel Magic     |       |       |     1 |    10 |    11 ||    22
    Use: Potion            |     1 |       |       |     2 |     7 ||    10
         Scroll            |       |       |       |     1 |     1 ||     2
 Armour: Robe              |       |     1 |     5 |     2 |     1 ||     9
  Dodge: Dodged            |     3 |     1 |    10 |    33 |    24 ||    71
  Block: Other             |       |       |       |     1 |     2 ||     3
         Reflection        |       |       |       |     1 |     1 ||     2
